 Dungeon Crawl Stone Soup version 0.24.0-13-gcf9b3192b9 (webtiles) character file.

Game seed: 1069719174365074501, levelgen mode: deterministic

261173 Arixos the Severer (level 19, -41/150 HPs)
             Began as a Demonspawn Monk on Nov 4, 2019.
             Was the Champion of Nemelex Xobeh.
             Annihilated by a vault warden
             ... wielding a +0 bardiche
              (55 damage)
             ... on level 2 of the Vaults on Nov 5, 2019.
             The game lasted 04:04:16 (41203 turns).

Arixos the Severer (Demonspawn Monk)               Turns: 41203, Time: 04:04:16

Health: -41/150    AC: 18    Str: 17    XL:     19   Next: 19%
Magic:  0/35       EV: 27    Int: 19    God:    Nemelex Xobeh [******]
Gold:   3336       SH: 23    Dex: 24    Spells: 18/18 levels left

rFire    + . .     SeeInvis .   b - +2 war axe (vamp)
rCold    + . .     Gourm    +   O - +3 large shield
rNeg     + . .     Faith    .   m - +4 moon troll leather armour {Spirit, Regen++ MP+5}
rPois    +         Spirit   +   (helmet unavailable)
rElec    .         Reflect  .   L - +0 cloak
rCorr    .         Harm     .   K - +0 pair of gloves
MR       +....                  M - +1 pair of boots {Stlth+}
Stlth    ++++......             v - amulet of Undoing {Gourm Int+5}
HPRegen  1.15/turn              Z - ring of protection from fire
MPRegen  0.24/turn              X - ring "Xomea" {rPois rN+ Int+3}

@: agile
A: horns 3, molten scales 2, cold resistance 1, powered by pain 2, augmentation
1
}: 2/15 runes: barnacled, gossamer
a: Draw Escape, Draw Destruction, Draw Summoning, Draw Stack, Triple Draw, Deal
Four, Stack Five, Renounce Religion


You were on level 2 of the Vaults.
You worshipped Nemelex Xobeh.
Nemelex Xobeh was exalted by your worship.
You were completely stuffed.

You visited 7 branches of the dungeon, and saw 34 of its levels.
You visited 1 bazaar.
You also visited: Ice Cave.

You collected 3844 gold pieces.
You spent 508 gold pieces at shops.

Inventory:

Hand Weapons
 a - a +5 broad axe of chopping
 b - a +2 vampiric war axe (weapon)
Missiles
 C - 33 poisoned darts (quivered)
Armour
 m - the +4 moon troll leather armour (worn) {Spirit, Regen++ MP+5}
   (You found it on level 6 of the Lair of Beasts)

   It affects your magic capacity (+5).
   It increases your rate of regeneration.
 K - a +0 pair of gloves (worn)
 L - a +0 cloak (worn)
 M - a +1 pair of boots of stealth (worn)
 O - a +3 large shield (worn)
 P - the +8 chain mail of the Trees {rPois rC+++ Str-3 Stlth+}
   (You found it on level 1 of the Shoals)

   It affects your strength (-3).
   It renders you almost immune to cold.
   It protects you from poison.
   It makes you more stealthy.
Jewellery
 v - the amulet of Undoing (around neck) {Gourm Int+5}
   (You found it on level 4 of the Lair of Beasts)

   [amulet of the gourmand]

   It allows you to eat raw meat even when not hungry.
   It affects your intelligence (+5).
 J - a +1 ring of slaying
 R - an uncursed ring of resist corrosion
 X - the ring "Xomea" (right hand) {rPois rN+ Int+3}
   (You found it on level 3 of the Lair of Beasts)

   [ring of positive energy]

   It affects your intelligence (+3).
   It protects you from poison.
   It protects you from negative energy.
 Z - a ring of protection from fire (left hand)
Wands
 s - a wand of digging (4)
 y - a wand of polymorph (3)
 G - a wand of paralysis (29)
 H - a wand of acid (21)
 I - a wand of disintegration (26)
 S - a wand of iceblast (25)
 T - a wand of enslavement (17)
Scrolls
 c - 4 scrolls of magic mapping
 d - 7 scrolls of amnesia
 f - 3 scrolls of identify
 i - 10 scrolls of remove curse
 l - 5 scrolls of fog
 p - 13 scrolls of teleportation
 r - 7 scrolls of enchant armour
 t - 3 scrolls of fear
 u - 2 scrolls of blinking
Potions
 e - a potion of heal wounds
 g - 9 potions of brilliance
 h - 7 potions of agility
 j - 2 potions of cancellation {unknown}
 k - 2 potions of magic
 q - 2 potions of ambrosia
 z - 3 potions of might {unknown}
 A - 2 potions of resistance
 B - 6 potions of haste
 D - 6 potions of lignification
 E - 5 potions of flight
 F - 6 potions of curing
 U - a potion of invisibility
 V - 2 potions of mutation
Miscellaneous
 n - a lightning rod (4/4)
 w - a phantom mirror
 N - a phial of floods
 W - a lamp of fire
Comestibles
 o - a chunk of flesh
 x - 61 rations


   Skills:
 + Level 13.6 Fighting
 * Level 15.9 Axes
 + Level 12.4 Armour
 + Level 12.7 Dodging
 - Level 1.7 Stealth
 * Level 15.1 Shields
 - Level 2.6 Unarmed Combat
 - Level 15.0 Invocations


You had 18 spell levels left.
You didn't know any spells.
Your spell library contained the following spells:

 Spells                   Type           Power        Failure   Level  Hunger
 Animate Skeleton         Necr           N/A          63%         1    ##.....
 Apportation              Tloc           #.....       63%         1    ##.....
 Beastly Appendage        Tmut           #.....       63%         1    ##.....
 Confusing Touch          Hex            #.....       63%         1    ##.....
 Flame Tongue             Conj/Fire      #....        63%         1    ##.....
 Freeze                   Ice            #...         63%         1    ##.....
 Infusion                 Chrm           #...         63%         1    ##.....
 Magic Dart               Conj           #...         63%         1    ##.....
 Shock                    Conj/Air       #...         63%         1    ##.....
 Summon Butterflies       Summ           #.......     63%         1    ##.....
 Summon Small Mammal      Summ           #...         63%         1    ##.....
 Blink                    Tloc           N/A          77%         2    ###....
 Call Imp                 Summ           #.......     77%         2    ###....
 Corpse Rot               Necr           N/A          77%         2    ###....
 Passwall                 Tmut/Erth      #.......     77%         2    ###....
 Searing Ray              Conj           #.....       77%         2    ###....
 Shroud of Golubria       Chrm/Tloc      #.....       77%         2    ###....
 Slow                     Hex            #.......     77%         2    ###....
 Song of Slaying          Chrm           #.......     77%         2    ###....
 Sticks to Snakes         Tmut           #.......     77%         2    ###....
 Sublimation of Blood     Necr           #.........   77%         2    ###....
 Swiftness                Chrm/Air       #.......     77%         2    ###....
 Throw Flame              Conj/Fire      #.....       77%         2    ###....
 Throw Frost              Conj/Ice       #.....       77%         2    ###....
 Confuse                  Hex            #.......     94%         3    ####...
 Conjure Flame            Conj/Fire      #.......     94%         3    ####...
 Dazzling Spray           Conj/Hex       #.....       94%         3    ####...
 Gell's Gravitas          Tloc           #.........   94%         3    ####...
 Inner Flame              Hex/Fire       #.......     94%         3    ####...
 Lesser Beckoning         Tloc           #.........   94%         3    ####...
 Mephitic Cloud           Conj/Pois/Air  #.......     94%         3    ####...
 Ozocubu's Armour         Chrm/Ice       #.......     94%         3    ####...
 Regeneration             Chrm/Necr      #.........   94%         3    ####...
 Spectral Weapon          Hex/Chrm       #.......     94%         3    ####...
 Spider Form              Tmut/Pois      #.........   94%         3    ####...
 Static Discharge         Conj/Air       #.......     94%         3    ####...
 Tukima's Dance           Hex            #.......     94%         3    ####...
 Airstrike                Air            #.........   100%        4    #####..
 Force Lance              Conj/Tloc      #.......     100%        4    #####..
 Fulminant Prism          Conj/Hex       #.........   100%        4    #####..
 Ice Form                 Ice/Tmut       #.......     100%        4    #####..
 Iskenderun's Mystic Bla  Conj           #.......     100%        4    #####..
 Passage of Golubria      Tloc           N/A          100%        4    #####..
 Petrify                  Tmut/Erth      #.......     100%        4    #####..
 Sticky Flame             Conj/Fire      #.......     100%        4    #####..
 Summon Ice Beast         Ice/Summ       #.......     100%        4    #####..
 Summon Lightning Spire   Summ/Air       #.......     100%        4    #####..
 Throw Icicle             Conj/Ice       #.......     100%        4    #####..
 Agony                    Necr           #.......     100%        5    ######.
 Alistair's Intoxication  Tmut/Pois      #.......     100%        5    ######.
 Blade Hands              Tmut           #.........   100%        5    ######.
 Bolt of Draining         Conj/Necr      #.........   100%        5    ######.
 Dispel Undead            Necr           #.......     100%        5    ######.
 Excruciating Wounds      Chrm/Necr      #.........   100%        5    ######.
 Fireball                 Conj/Fire      #.........   100%        5    ######.
 Irradiate                Conj/Tmut      #.........   100%        5    ######.
 Lee's Rapid Deconstruct  Erth           #.........   100%        5    ######.
 Lightning Bolt           Conj/Air       #.........   100%        5    ######.
 Metabolic Englaciation   Hex/Ice        #.........   100%        5    ######.
 Silence                  Hex/Air        #.........   100%        5    ######.
 Yara's Violent Unravell  Hex/Tmut       #.........   100%        5    ######.
 Bolt of Cold             Conj/Ice       #.........   100%        6    #######
 Bolt of Fire             Conj/Fire      #.........   100%        6    #######
 Conjure Ball Lightning   Conj/Air       #.........   100%        6    #######
 Darkness                 Hex            #.........   100%        6    #######
 Deflect Missiles         Chrm/Air       #.........   100%        6    #######
 Freezing Cloud           Conj/Ice/Air   #.........   100%        6    #######
 Invisibility             Hex            #.......     100%        6    #######
 Iron Shot                Conj/Erth      #.........   100%        6    #######
 Ozocubu's Refrigeration  Ice            #.........   100%        6    #######
 Simulacrum               Ice/Necr       #.........   100%        6    #######
 Tornado                  Air            #.........   100%        9    #######


Dungeon Overview and Level Annotations

Branches:
Dungeon (15/15)            Temple (1/1) D:4            Lair (6/6) D:8
 Shoals (4/4) Lair:2       Spider (4/4) Lair:3        Slime (0/5) Lair:5
    Orc (2/2) D:12            Elf (0/3) Orc:2        Vaults (2/5) D:14
  Crypt (0/3) Vaults:2     Depths (0/5) D:15          IceCv (visited)

Altars:
Ashenzari
Cheibriados
Dithmenos
Elyvilon
Fedhas
Gozag
Hepliaklqana
Kikubaaqudgha
Makhleb
Nemelex Xobeh
Okawaru
Qazlal
Ru
Sif Muna
Trog
Uskayaw
Vehumet
Wu Jian
Xom
Yredelemnul
Zin
The Shining One

Shops:
D:4 :   Orc:2 %}**!   Shoals:4 (


Innate Abilities, Weirdness & Mutations

You have a pair of large horns on your head.
You are mostly covered in molten scales. (AC +3)
Your flesh is cold resistant. (rC+)
You sometimes gain power by taking damage.
Your magical and physical power is slightly enhanced at high health.


Message History

The electrical discharge engulfs the orc knight!
You kill the orc knight!
You hear violent peals of thunder!
You deal a card...
You have dealt the Storm.
A fierce wind blows from the card.
You hear mighty peals of thunder!
You deal a card...
You have dealt Wild Magic.
The vault warden looks as sick as possible!
The vault warden looks incredibly sick.
You feel a surge of magic.
You deal a card...
You have dealt Wild Magic.
A ball of electricity appears!
You feel a surge of magic.
You feel your power returning.
A ball lightning comes into view.
You hear a deafening roar!
You hear a shout!
Okay, then.
Your ball lightning explodes!
The blast of lightning engulfs you!
* * * LOW HITPOINT WARNING * * *
The blast of lightning engulfs the vault warden!
The vault warden is heavily wounded.
The vault warden hits you with a +0 bardiche!!!
You die...
Your body glows with a rainbow of weird colours and disappears.

### ...
....#. ..#
...... ..
....#
+####...#
#.p.....#
#.@.....#
#)))...)#
#.()#####
##(## #...#
###+#######
.........#
#.(.......
.........#
#.##..####
.........#
#..####...#


You could see a vault warden.

Vanquished Creatures
  Bai Suzhen (Vaults:2)
  Saint Roka (Vaults:2)
  Arachne (Spider:3)
  A kraken (Shoals:1)
  A frost giant (IceCv)
  3 ghost moths
  4 emperor scorpions
  A stone giant (Vaults:1)
  3 very ugly things (Vaults:1)
  2 ironheart preservers
  3 entropy weavers
  3 spark wasps
  7 merfolk impalers
  2 merfolk javelineers (Shoals:4)
  2 yaktaur captains (Vaults:1)
  2 ettins
  4 ogre magi
  4 fire dragons
  A great orb of eyes (Vaults:1)
  4 vault guards (D:14)
  Harold (D:8)
  Josephine (D:11)
  Erolcha (D:12)
  2 merfolk aquamancers
  A merfolk avatar (Shoals:4)
  9 centaur warriors
  26 two-headed ogres
  A queen ant (Spider:2)
  A satyr (Shoals:4)
  2 deep troll shamans (Vaults:2)
  An alligator snapping turtle (Shoals:2)
  A death yak (Lair:5)
  A tengu warrior (D:14)
  Urug (D:11)
  Nergalle (D:10)
  Sonja (D:11)
  A shadow wraith (Vaults:2)
  2 unseen horrors
  6 skeletal warriors (Vaults:1)
  A glowing orange brain (Vaults:1)
  2 wizards (Vaults:2)
  2 deep trolls (Vaults:2)
  A deep elf archer (Vaults:1)
  16 harpies
  2 lindwurms (Spider:2)
  7 sea snakes
  5 orc knights
  3 deep elf magi
  4 ironbrand convokers
  23 ugly things
  A wolf spider zombie (D:15)
  32 wolf spiders
  13 orb spiders
  An orc sorcerer (Orc:1)
  17 cyclopes
  6 oklob plants
  2 manticores (Shoals:4)
  An ice statue (IceCv)
  2 moths of wrath
  A vault sentinel (Vaults:1)
  A salamander (Vaults:1)
  11 elephants
  5 merfolk sirens
  An eye of devastation (Vaults:1)
  5 fauns (Shoals:2)
  2 torpor snails
  18 spiny frogs
  9 water nymphs
  4 black mambas
  Maurice (D:8)
  2 gargoyles
  3 yaktaurs (Vaults:1)
  9 komodo dragons
  A rime drake (shapeshifter) (Vaults:1)
  5 rime drakes
  11 demonic crawlers
  2 queen bees
  18 jumping spiders
  4 trolls
  2 wind drakes
  5 meliai
  18 merfolk
  19 polar bears
  13 hornets
  22 slime creatures
  17 dream sheep
  5 snapping turtles
  2 raiju
  A hippogriff (shapeshifter) (D:15)
  13 hippogriffs
  18 blink frogs
  A centaur simulacrum (D:15)
  6 wyverns
  44 redbacks
  4 wraiths (D:11)
  A spriggan (shapeshifter) (D:15)
  4 water elementals
  A golden eye (IceCv)
  10 spriggans
  24 tarantellas
  A yak (shapeshifter) (D:15)
  43 yaks
  A human (Shoals:4)
  2 steam dragons
  3 vampire mosquitoes (D:15)
  4 basilisks
  3 wargs
  2 hungry ghosts
  A swamp worm (Vaults:1)
  2 acid dragons
  5 soldier ants
  9 water moccasins
  Edmund (D:6)
  3 porcupines
  A floating eye (Vaults:1)
  38 orc warriors
  A swamp drake (Vaults:1)
  9 black bears
  A sky beast (Spider:4)
  14 ogres
  4 phantoms
  An eye of draining (Shoals:4)
  47 wolves
  7 boggarts
  18 centaurs
  18 crocodiles
  26 bullfrogs
  3 big kobolds
  A gnoll sergeant (D:9)
  3 scorpions
  A human simulacrum (Vaults:2)
  30 killer bees
  8 wights
  4 electric eels
  2 howler monkeys
  5 crimson imps
  A bullfrog zombie (D:9)
  3 centaur zombies
  7 hounds
  7 centaur skeletons
  2 bullfrog skeletons
  16 orc priests
  3 jellies
  6 iguanas
  33 orc wizards
  10 worker ants
  A killer bee zombie (D:7)
  A howler monkey skeleton (D:4)
  8 gnolls
  7 adders
  A river rat (Lair:5)
  2 shadow imps
  An adder zombie (D:7)
  4 worms
  A ball lightning (Spider:2)
  5 dart slugs
  7 leopard geckos
  104 orcs
  7 giant cockroaches
  7 hobgoblins
  8 jackals
  25 kobolds
  4 quokkas
  A ball python (D:4)
  15 bats
  5 frilled lizards
  5 goblins
  A jackal skeleton (D:4)
  7 rats
  A bush (Lair:5)
  4 fungi
  5 plants
  3 tentacles (Shoals:1)
1244 creatures vanquished.

Vanquished Creatures (collateral kills)
  Frederick (Vaults:1)
  A bone dragon (Vaults:2)
  Asterion (Vaults:1)
  An ancient champion (Vaults:1)
  Kirke (Lair:6)
  A tengu reaver (Vaults:1)
  A deep elf sorcerer (Vaults:1)
  2 emperor scorpions
  A spriggan defender (Vaults:1)
  A merfolk javelineer (Shoals:4)
  6 hydras
  A merfolk avatar (Shoals:4)
  An alligator snapping turtle (Shoals:4)
  A skeletal warrior (Vaults:1)
  2 harpies (Shoals:4)
  4 ugly things (Vaults:1)
  4 wolf spiders (Spider:2)
  5 cyclopes
  2 manticores (Shoals:4)
  3 elephants
  A spiny frog (Lair:6)
  2 rime drakes (Lair:6)
  A merfolk (Shoals:4)
  A komodo dragon (Lair:6)
  4 jumping spiders
  A meliai (Lair:5)
  A hornet (Shoals:4)
  A blink frog (shapeshifter) (Shoals:4)
  A wind drake (Shoals:4)
  A blink frog (Lair:1)
  3 dream sheep (Lair:6)
  A hippogriff (Shoals:4)
  3 snapping turtles (Shoals:4)
  2 redbacks
  A yak (Lair:6)
  3 spriggans (Lair:6)
  3 hogs (Lair:6)
  An acid dragon (Shoals:4)
  2 water moccasins
  A swamp drake (Shoals:4)
  A black bear (Lair:6)
  4 killer bees (Lair:5)
  An orc priest (D:12)
  A hell rat (Lair:5)
81 creatures vanquished.

Vanquished Creatures (others)
  A ghost moth (Spider:4)
  An emperor scorpion (Spider:4)
  An entropy weaver (Spider:2)
  A merfolk javelineer (Shoals:4)
  A skeletal warrior (Vaults:1)
  A manticore (Spider:2)
  A demonic crawler (Spider:2)
  A polar bear (Lair:6)
  3 redbacks (Spider:4)
  3 spriggans (Lair:6)
  A naga (Shoals:4)
  An orc warrior (Orc:2)
  A boggart (Vaults:2)
  A wolf (Lair:6)
  2 crocodiles (Lair:6)
  4 killer bees
  An orc wizard (Orc:1)
  A worm (IceCv)
  9 ball lightnings
  A hobgoblin (D:12)
  A quokka (D:12)
  10 fungi
  12 plants
  106 tentacles (Shoals:1)
165 creatures vanquished.

Grand Total: 1490 creatures vanquished

Notes
Turn   | Place    | Note
-------+----------+-------------------------------------------
     0 | D:1      | Arixos the Demonspawn Monk began the quest for the Orb.
     0 | D:1      | Reached XP level 1. HP: 18/18 MP: 1/1
   327 | D:1      | Gained mutation: You sometimes gain a little power by
                  | taking damage. [demonic ancestry]
   327 | D:1      | Reached XP level 2. HP: 24/24 MP: 2/2
   657 | D:1      | Reached skill level 1 in Armour
   837 | D:1      | Reached XP level 3. HP: 29/29 MP: 3/3
  1208 | D:2      | Found a shadowy altar of Dithmenos.
  2157 | D:3      | Reached XP level 4. HP: 37/37 MP: 4/4
  2727 | D:2      | Reached skill level 1 in Shields
  2762 | D:2      | Gained mutation: You have a pair of small horns on your
                  | head. [demonic ancestry]
  2762 | D:2      | Reached XP level 5. HP: 17/42 MP: 5/5
  3160 | D:3      | Found a faded altar of an unknown god.
  3473 | D:4      | Found a staircase to the Ecumenical Temple.
  3485 | Temple   | Entered the Ecumenical Temple
  3639 | D:4      | Found Xuny's Book Boutique.
  3907 | D:4      | Noticed a phantom
  3974 | D:4      | Killed a phantom
  3974 | D:4      | Reached XP level 6. HP: 31/49 MP: 6/6
  4164 | D:5      | Entered Level 5 of the Dungeon
  4840 | D:5      | Gained mutation: You are partially covered in molten
                  | scales. (AC +2) [demonic ancestry]
  4840 | D:5      | Reached XP level 7. HP: 46/55 MP: 7/7
  5139 | D:5      | Found an ancient bone altar of Kikubaaqudgha.
  5410 | D:6      | Reached skill level 5 in Fighting
  5731 | D:6      | Reached skill level 5 in Dodging
  5737 | D:6      | Reached XP level 8. HP: 54/63 MP: 8/8
  5759 | D:6      | Reached skill level 1 in Axes
  5960 | D:6      | Noticed Edmund
  5981 | D:6      | Killed Edmund
  6423 | D:6      | Found a sparkling altar of Nemelex Xobeh.
  6429 | D:6      | Became a worshipper of Nemelex Xobeh the Trickster
  6429 | D:6      | Received a gift from Nemelex Xobeh
  6429 | D:6      | Reached * piety under Nemelex Xobeh
  6429 | D:6      | Reached ** piety under Nemelex Xobeh
  6433 | D:6      | Received a gift from Nemelex Xobeh
  6456 | D:6      | Found a burning altar of Makhleb.
  6459 | D:6      | Noticed a cacodemon
  7067 | D:7      | Reached skill level 5 in Armour
  7124 | D:7      | Received a gift from Nemelex Xobeh
  7213 | D:7      | Gained mutation: You are mostly covered in molten scales.
                  | (AC +3) [demonic ancestry]
  7213 | D:7      | Reached XP level 9. HP: 67/71 MP: 9/9
  7216 | D:7      | Reached skill level 1 in Invocations
  7373 | D:7      | Found a glowing golden altar of the Shining One.
  7522 | D:7      | Reached *** piety under Nemelex Xobeh
  7840 | D:8      | Received a gift from Nemelex Xobeh
  7971 | D:8      | Noticed Harold
  7993 | D:8      | Killed Harold
  7993 | D:8      | Reached skill level 5 in Axes
  8108 | D:8      | Found a staircase to the Lair.
  8150 | D:8      | Gained mutation: Your flesh is cold resistant. (rC+)
                  | [demonic ancestry]
  8150 | D:8      | Reached XP level 10. HP: 79/79 MP: 13/13
  8244 | D:8      | Noticed Maurice
  8248 | D:8      | Killed Maurice
  8590 | D:8      | Noticed Gastronok
  8594 | D:8      | Noticed Gastronok
  8594 | D:8      | Gastronok changed into Gastronok the iron giant
  8596 | D:8      | Noticed Gastronok
  8596 | D:8      | Gastronok the iron giant changed into Gastronok the fire
                  | dragon
  8605 | D:8      | Killed Gastronok the fire dragon
  8605 | D:8      | Reached skill level 5 in Invocations
  8876 | D:8      | Found a stormy altar of Qazlal.
  9221 | D:9      | Found a blossoming altar of Fedhas.
  9244 | D:9      | Noticed a six-headed hydra
  9274 | D:10     | Entered Level 10 of the Dungeon
  9538 | D:10     | Received a gift from Nemelex Xobeh
  9644 | D:10     | Noticed Nergalle
  9681 | D:10     | Killed Nergalle
  9874 | D:10     | Noticed a gargoyle
  9896 | D:10     | Killed a gargoyle
  9918 | D:10     | Noticed a two-headed ogre
  9928 | D:10     | Killed a two-headed ogre
 10158 | D:10     | Reached **** piety under Nemelex Xobeh
 10257 | D:10     | Noticed an unseen horror
 10270 | D:10     | Reached XP level 11. HP: 80/86 MP: 15/15
 10293 | D:10     | Killed an unseen horror
 10647 | D:9      | Noticed a two-headed ogre
 10658 | D:9      | Killed a two-headed ogre
 10658 | D:9      | Reached skill level 5 in Shields
 11359 | D:9      | Killed an 11-headed hydra
 11381 | D:9      | Found a blossoming altar of Fedhas.
 11422 | D:9      | Received a gift from Nemelex Xobeh
 11772 | Lair:1   | Entered Level 1 of the Lair of Beasts
 11815 | Lair:1   | Noticed an oklob plant
 11815 | Lair:1   | Noticed a five-headed hydra
 11815 | Lair:1   | Noticed an oklob plant
 11846 | Lair:1   | Killed a five-headed hydra
 11877 | Lair:1   | Received a gift from Nemelex Xobeh
 11929 | Lair:1   | Reached ***** piety under Nemelex Xobeh
 12632 | Lair:2   | Received a gift from Nemelex Xobeh
 13217 | Lair:2   | Gained mutation: You have a pair of horns on your head.
                  | [demonic ancestry]
 13217 | Lair:2   | Reached XP level 12. HP: 94/94 MP: 18/18
 13281 | Lair:2   | Received a gift from Nemelex Xobeh
 13369 | Lair:2   | Found a staircase to the Shoals.
 13486 | Lair:2   | Found a hazy altar of Hepliaklqana.
 13773 | Lair:3   | Received a gift from Nemelex Xobeh
 14221 | Lair:3   | Received a gift from Nemelex Xobeh
 14745 | Lair:3   | Found a hole to the Spider Nest.
 15133 | Lair:3   | Received a gift from Nemelex Xobeh
 15258 | Lair:3   | Got a brightly glowing lead ring
 15432 | Lair:3   | Identified the ring "Xomea" {rPois rN+ Int+3} (You found it
                  | on level 3 of the Lair of Beasts)
 16154 | Lair:4   | Got a heavily runed copper amulet
 16155 | Lair:4   | Identified the amulet of Undoing {Gourm Int+5} (You found
                  | it on level 4 of the Lair of Beasts)
 17067 | Lair:5   | Received a gift from Nemelex Xobeh
 17196 | Lair:5   | Gained mutation: Your magical and physical power is
                  | slightly enhanced at high health. [demonic ancestry]
 17196 | Lair:5   | Reached XP level 13. HP: 83/102 MP: 20/20
 17402 | Lair:5   | Reached skill level 10 in Axes
 17936 | Lair:5   | Received a gift from Nemelex Xobeh
 18251 | Lair:5   | Received a gift from Nemelex Xobeh
 18456 | Lair:6   | Entered Level 6 of the Lair of Beasts
 18458 | Lair:6   | Reached skill level 10 in Fighting
 18497 | Lair:5   | Reached skill level 10 in Invocations
 19225 | Lair:6   | Found the +4 moon troll leather armour {Spirit, Regen++
                  | MP+5}
 19360 | Lair:6   | Received a gift from Nemelex Xobeh
 19404 | Lair:6   | Gained mutation: You have a pair of large horns on your
                  | head. [demonic ancestry]
 19404 | Lair:6   | Reached XP level 14. HP: 62/111 MP: 21/21
 19830 | Lair:6   | Noticed Kirke
 19838 | Lair:6   | Killed Kirke
 20017 | Lair:6   | Received a gift from Nemelex Xobeh
 21019 | D:6      | Found a burning altar of Makhleb.
 21037 | D:6      | Found a sparkling altar of Nemelex Xobeh.
 21440 | D:11     | You fall into a shaft and drop 2 floors!
 21459 | D:13     | You fall into a shaft and drop 2 floors!
 21459 | D:15     | Entered Level 15 of the Dungeon
 21494 | D:15     | Reached skill level 10 in Shields
 21540 | D:15     | Received a gift from Nemelex Xobeh
 21547 | D:15     | Found a frozen archway.
 21565 | IceCv    | Entered an ice cave
 21701 | IceCv    | Identified the Incunabulum of Combat Magic and Hexes
 22031 | IceCv    | Noticed a frost giant
 22033 | IceCv    | Reached skill level 10 in Dodging
 22037 | IceCv    | Killed a frost giant
 22088 | IceCv    | Got a faintly glowing hand axe
 22096 | IceCv    | Identified the cursed +3 hand axe "Eceypimp" {antimagic,
                  | Str-5 Int+8 SInv} (You found it in an ice cave)
 22242 | D:14     | Received a gift from Nemelex Xobeh
 22338 | D:14     | Reached ****** piety under Nemelex Xobeh
 22593 | D:12     | Received a gift from Nemelex Xobeh
 22777 | D:11     | Noticed Sonja
 22781 | D:11     | Killed Sonja
 22835 | D:11     | Noticed Urug
 22850 | D:11     | Killed Urug
 22967 | D:11     | Received a gift from Nemelex Xobeh
 23049 | D:11     | Found a radiant altar of Vehumet.
 23221 | D:11     | Noticed Josephine
 23233 | D:11     | Killed Josephine
 23334 | D:12     | Noticed Erolcha
 23340 | D:12     | Killed Erolcha
 23367 | D:12     | Reached XP level 15. HP: 98/118 MP: 23/23
 23682 | D:12     | Found a staircase to the Orcish Mines.
 23847 | Orc:1    | Entered Level 1 of the Orcish Mines
 23874 | Orc:1    | Received a gift from Nemelex Xobeh
 24156 | Orc:1    | Paralysed by an orc sorcerer for 7 turns
 24182 | Orc:1    | Received a gift from Nemelex Xobeh
 24452 | Orc:2    | Entered Level 2 of the Orcish Mines
 24586 | Orc:2    | Reached skill level 10 in Armour
 24911 | Orc:2    | Found Qyhechy's Gadget Shop.
 24911 | Orc:2    | Found Tohuw's Assorted Antiques.
 24913 | Orc:2    | Found Tunogoiru's Assorted Antiques.
 24915 | Orc:2    | Found Tusoig's Food Boutique.
 24962 | Orc:2    | Found a staircase to the Elven Halls.
 24967 | Orc:2    | Found Ruoz's Distillery.
 24983 | Orc:2    | Bought a potion of degeneration for 13 gold pieces
 24983 | Orc:2    | Bought a potion of mutation for 104 gold pieces
 24983 | Orc:2    | Bought a potion of magic for 104 gold pieces
 25321 | Spider:1 | Entered Level 1 of the Spider Nest
 25671 | Spider:1 | Received a gift from Nemelex Xobeh
 26609 | Spider:2 | Killed a ghost moth
 26893 | Spider:2 | Received a gift from Nemelex Xobeh
 27024 | Spider:2 | Killed a ghost moth
 27831 | Spider:3 | Noticed Arachne
 27844 | Spider:3 | Killed Arachne
 27844 | Spider:3 | Reached XP level 16. HP: 116/127 MP: 25/25
 27900 | Spider:3 | Received a gift from Nemelex Xobeh
 28636 | Spider:4 | Entered Level 4 of the Spider Nest
 28801 | Spider:4 | Received a gift from Nemelex Xobeh
 30257 | Spider:4 | Got a gossamer rune of Zot
 30489 | Spider:4 | Upgraded the game from 0.24.0-10-g970556be89 to
                  | 0.24.0-13-gcf9b3192b9
 30859 | Lair:5   | Found a staircase to the Slime Pits.
 31030 | Shoals:1 | Entered Level 1 of the Shoals
 31084 | Shoals:1 | Got a pearl-encrusted chain mail
 31086 | Shoals:1 | Identified the +8 chain mail of the Trees {rPois rC+++
                  | Str-3 Stlth+} (You found it on level 1 of the Shoals)
 31283 | Shoals:1 | Received a gift from Nemelex Xobeh
 31358 | Shoals:1 | Noticed a kraken
 31604 | Shoals:1 | Received a gift from Nemelex Xobeh
 31896 | Shoals:1 | Received a gift from Nemelex Xobeh
 31901 | Shoals:1 | Noticed a kraken
 32429 | Shoals:1 | Killed a kraken
 32642 | Shoals:2 | Gained mutation: You sometimes gain power by taking damage.
                  | [demonic ancestry]
 32642 | Shoals:2 | Reached XP level 17. HP: 132/133 MP: 27/27
 33004 | Shoals:2 | Received a gift from Nemelex Xobeh
 33678 | Shoals:3 | Received a gift from Nemelex Xobeh
 34260 | Shoals:4 | Entered Level 4 of the Shoals
 34519 | Shoals:4 | HP: 2/135 [merfolk javelineer/+2 spear of flaming (5)]
 34724 | Shoals:4 | Received a gift from Nemelex Xobeh
 34746 | Shoals:4 | Found Amas's Weapon Emporium.
 35261 | Shoals:4 | Received a gift from Nemelex Xobeh
 35798 | Shoals:4 | Got a barnacled rune of Zot
 37244 | D:14     | Found a gate to the Vaults.
 37336 | D:14     | Received a gift from Nemelex Xobeh
 37653 | D:15     | Received a gift from Nemelex Xobeh
 37868 | D:15     | Reached XP level 18. HP: 142/142 MP: 28/28
 37890 | D:15     | Found a staircase to the Depths.
 38407 | D:15     | Found a snail-covered altar of Cheibriados.
 38513 | Vaults:1 | Entered Level 1 of the Vaults
 38523 | Vaults:1 | Reached skill level 15 in Axes
 38532 | Vaults:1 | Received a gift from Nemelex Xobeh
 38576 | Vaults:1 | Found a flickering gateway to a bazaar.
 38585 | Bazaar   | Entered a bazaar
 38586 | Bazaar   | Found Tamu's Weapon Shop.
 38603 | Bazaar   | Found Xutyff Rile's Jewellery Shop.
 38607 | Bazaar   | Found Zias's Assorted Antiques.
 38613 | Bazaar   | Found Tewiepa's Armour Boutique.
 38616 | Bazaar   | Bought a brass ring for 115 gold pieces
 38616 | Bazaar   | Bought a pair of glowing boots for 172 gold pieces
 39065 | Vaults:1 | Noticed Frederick
 39065 | Vaults:1 | Noticed Asterion
 39066 | Vaults:1 | Identified the +2 long sword "Cakuorphi" {holy, Dex+5}
 39078 | Vaults:1 | Killed Frederick
 39226 | Vaults:1 | Killed Asterion
 39251 | Vaults:1 | Reached skill level 15 in Invocations
 39469 | Vaults:1 | Received a gift from Nemelex Xobeh
 39856 | Vaults:1 | Received a gift from Nemelex Xobeh
 40413 | Vaults:2 | Noticed Saint Roka
 40437 | Vaults:2 | Killed Saint Roka
 40527 | Vaults:2 | Noticed Bai Suzhen
 40560 | Vaults:2 | Killed Bai Suzhen
 40586 | Vaults:2 | Reached skill level 15 in Shields
 40586 | Vaults:2 | Reached XP level 19. HP: 105/150 MP: 15/30
 41071 | Vaults:2 | Received a gift from Nemelex Xobeh
 41077 | Vaults:2 | Noticed a bone dragon
 41090 | Vaults:2 | Found a staircase to the Crypt.
 41097 | Vaults:2 | Killed a bone dragon
 41203 | Vaults:2 | Annihilated by a vault warden

Levels and vault maps discovered:
D:1:      minmay_arrival_hallway, layout_rooms
D:2:      layout_rooms, grunt_dithmenos_smoke_and_mirrors, first_ration
D:3:      layout_rooms, chequers_ecumenical_altar_grove
D:4:      layout_basic, minmay_temple_entry_wispy, serial_shops, shop,
          grunt_ministairs_14
D:5:      cheibrodos_barr_body, layout_basic, lemuel_coloured_pillars_altar,
          kennysheep_nub
D:6:      layout_cave_pods, lemuel_doored_altar, makhleb_altar_promises_db,
          roderic_filled_cross, uniq_edmund
D:7:      layout_basic, nicolae_tso_swordbearing_angel
D:8:      layout_basic, kennysheep_mini, grunt_lair_entry_orc_guard_hut,
          uniq_maurice, uniq_gastronok, uniq_harold
D:9:      layout_irregular_city, lemuel_round_altar, basic_altar
D:10:     layout_gridville, uniq_nergalle
D:11:     layout_roguey, basic_altar, uniq_sonja, uniq_urug, uniq_josephine
D:12:     layout_basic, hiddenorc1_lemuel, uniq_erolcha
D:13:     layout_stronghold, the_bakery
D:14:     layout_cave_pools, lightli_vaults_fourway_checkpoint, special_room
          [special_room_orc]
D:15:     hangedman_depths_entry_civil_slaughter, layout_small_grid,
          portal_ice_cave_rime, drop_trap, minmay_misc_feat_square,
          lemuel_tele_altar
Temple:   regret_index_temple_waves
Lair:1:   layout_gridlike, serial_bayou_shore_a, minmay_lair_oklob_chamber
Lair:2:   layout_roguey, elwin_shoals_entry_rooms, basic_altar,
          grunt_megastairs_2
Lair:3:   layout_regular_city, spider_nest_entry_rubble,
          infiniplex_staircase_pool
Lair:4:   layout_roguey, minmay_holes
Lair:5:   regret_index_bee_streams, layout_regular_city,
          minmay_slime_entry_oklob_enclosed
Lair:6:   minmay_lair_end_enchanted_forest, layout_big_grid,
          guppyfry_lair_drakes, uniq_kirke
Shoals:1: layout_shoals
Shoals:2: layout_shoals, st_cyclops
Shoals:3: layout_shoals
Shoals:4: shoals_end_hangedman, layout_shoals, serial_shops, shop_coins
Spider:1: layout_spider_delve
Spider:2: layout_spider_delve, nicolae_spider_ant_collections
Spider:3: layout_spider_delve, nicolae_spider_cling_halls, uniq_arachne
Spider:4: spider_rune_water, nicolae_spider_stair_cavern
Orc:1:    layout_caves, nicolae_orc_pool_cavern, guppyfry_library_mini
Orc:2:    st_orc_rangers, layout_caves, serial_shops, shop,
          nicolae_orc_flooded_monolith
Vaults:1: v_misc_27, v_misc_14, v_misc_22, sword_in_stone,
          hangedman_vaults_slice, hangedman_vaults_maws, vaults_room_corners,
          layout_vaults_omnigrid, serial_shops, bzr_firewalk
Vaults:2: hangedman_vaults_nodes, hangedman_vaults_variations,
          hangedman_vaults_slice, ontoclasm_vaults_bender,
          minmay_crypt_entry_nasty_monster, nicolae_vaults_little_squares_4,
          nicolae_vaults_quartermaster, v_misc_19, vaults_mumra_lcd,
          nicolae_vaults_ring_of_whatevers, nicolae_vaults_theta,
          layout_vaults_omnibox, uniq_bai_suzhen, uniq_saint_roka

Skill      XL: |  1  2  3  4  5  6  7  8  9 10 11 12 13 14 15 16 17 18 |
---------------+-------------------------------------------------------+-----
Dodging        | 3 4 5 6 7 8 9 10 11 12 | 12.7
Armour         | 1 2 3 5 6 7 8 9 10 11 12 | 12.4
Shields        | 1 2 3 4 6 8 9 10 12 13 14 15 | 15.1
Fighting       | 4 5 6 7 8 9 10 11 12 13 | 13.6
Axes           | 3 5 7 8 9 11 12 13 14 15 | 15.9
Invocations    | 4 6 8 9 10 11 12 13 14 15 | 15.0
Stealth        | |  1.7
Unarmed Combat | |  2.6

Action                   |  1- 3 |  4- 6 |  7- 9 | 10-12 | 13-15 | 16-18 | 19-21 || total
-------------------------+-------+-------+-------+-------+-------+-------+-------++-------
Melee: Unarmed           |   304 |     3 |       |       |       |       |       ||   307
       Punch             |     6 |       |       |       |       |       |       ||     6
       Long sword        |       |    73 |       |       |       |       |       ||    73
       Dagger            |       |   192 |       |       |       |       |       ||   192
       Headbutt          |       |    37 |    58 |   196 |   327 |   517 |    32 ||  1167
       Hand axe          |       |     9 |    77 |       |       |       |       ||    86
       War axe           |       |       |   216 |   807 |  1265 |  1630 |    54 ||  3972
       Broad axe         |       |       |       |       |       |   164 |    90 ||   254
Throw: Dart              |       |       |       |     5 |     4 |    97 |       ||   106
Invok: Deal Four         |       |       |       |     3 |     6 |     6 |     1 ||    16
       Stack Five        |       |       |       |       |     2 |     2 |       ||     4
 Abil: Draw Destruction  |       |       |    10 |    18 |    45 |    31 |       ||   104
       Draw Escape       |       |       |     2 |     1 |     7 |     1 |       ||    11
       Draw Summoning    |       |       |       |     3 |    11 |     7 |     1 ||    22
       Draw Stack        |       |       |       |       |     6 |     6 |       ||    12
Evoke: Wand              |       |       |       |       |       |     1 |       ||     1
       Phial of floods   |       |       |       |       |       |     1 |       ||     1
  Use: Scroll            |       |     5 |     1 |    20 |    10 |    21 |       ||    57
       Potion            |       |       |     2 |       |    10 |     4 |       ||    16
 Stab: Petrified         |       |       |       |       |    11 |       |       ||    11
       Distracted        |       |       |       |       |     4 |     4 |     1 ||     9
       Petrifying        |       |       |       |       |     1 |       |       ||     1
       Sleeping          |       |       |       |       |     5 |     9 |       ||    14
       Held in net/web   |       |       |       |       |       |     1 |       ||     1
       Confused          |       |       |       |       |       |     2 |       ||     2
  Eat: Chunk             |     4 |     9 |     8 |    44 |    36 |    44 |     2 ||   147
       Ration            |       |       |     1 |     2 |       |       |       ||     3
Armor: Robe              |    13 |       |       |       |       |       |       ||    13
       Ring mail         |    40 |       |       |       |       |       |       ||    40
       Chain mail        |   132 |   117 |   221 |   473 |   164 |       |       ||  1107
       Plate armour      |       |       |     4 |    21 |       |       |       ||    25
       Troll leather arm |       |       |       |       |   298 |   409 |    26 ||   733
Dodge: Dodged            |   169 |    64 |   143 |   241 |   556 |   815 |    90 ||  2078
Block: Buckler           |       |    33 |   109 |    63 |       |       |       ||   205
       Large shield      |       |       |       |   637 |  1472 |  1714 |   193 ||  4016
       Rpst.: Long sword |       |    10 |       |       |       |       |       ||    10
